 Dungeon Crawl Stone Soup version 0.30.0-29-ga12c61a403 (webtiles) character file.

Game seed: 15436711659625566970

2404 qw the Cleaver (level 9, -1/55 HPs)
             Began as a Gargoyle Fighter on June 3, 2023.
             Was a Follower of Okawaru.
             Slain by a two-headed ogre
             ... wielding a +0 giant club
              (15 damage)
             ... on level 8 of the Dungeon.
             The game lasted 00:02:50 (6434 turns).

qw the Cleaver (Gargoyle Fighter)                   Turns: 6434, Time: 00:02:50

Health: -1/55      AC: 15    Str: 25    XL:     9   Next: 47%
Magic:  12/12      EV: 15    Int:  8    God:    Okawaru [*.....]
Gold:   60         SH:  5    Dex:  9    Spells: 8/8 levels left

rFire   . . .        Y - +0 war axe (elec)
rCold   . . .        c - +0 buckler
rNeg    + . .        e - +0 chain mail
rPois   inf          g - +0 helmet
rElec   +            (no cloak)
rCorr   .            (no gloves)
SInv    .            (no boots)
Will    .....        q - amulet of the acrobat Stlth
                     a - +5 ring of evasion
HPRegen 0.29/turn    (no ring)
MPRegen 0.13/turn

%: acrobat
@: heroic, corroded
A: sickness immunity, AC +6, negative energy resistance 1, electricity
resistance, torment resistance 1, petrification resistance
a: Renounce Religion, Heroism


You were on level 8 of the Dungeon.
You worshipped Okawaru.
Okawaru was aware of your devotion.
You visited 2 branches of the dungeon, and saw 9 of its levels.
You also visited: Sewer.

You collected 324 gold pieces.
You spent 264 gold pieces at shops.


Innate Abilities, Weirdness & Mutations

You are immune to sickness and miasma.
Your stone body is resilient. (AC +6)
You are immune to poison.
You resist negative energy. (rN+)
You are resistant to electric shocks. (rElec)
You are resistant to unholy torment.
You are immune to petrification.


   Skills:
 - Level 6.3(11.3) Fighting
 - Level 9.2(14.2) Axes
 - Level 2.0(7.0) Throwing
 - Level 4.0(9.0) Armour
 - Level 1.6(6.6) Dodging
 + Level 3.3(8.3) Shields
 - Level 4.2 Invocations


You had 8 spell levels left.
You didn't know any spells.
Your spell library was empty.

Inventory:

Hand Weapons
 u - a +0 morningstar
 Y - a +0 war axe of electrocution (weapon)
Missiles
 n - 3 javelins (quivered)
 t - 5 boomerangs
Armour
 c - a +0 buckler (worn)
 e - a +0 chain mail (worn)
 g - a +0 helmet (worn)
Jewellery
 a - a +5 ring of evasion (left hand)
 q - an amulet of the acrobat (around neck)
Scrolls
 i - 6 scrolls of teleportation
 l - a scroll of identify
Potions
 b - a potion of haste
 d - a potion of might
 h - 6 potions of curing
 j - 3 potions of resistance
 m - a potion of mutation {unknown}
 o - 7 potions of heal wounds
 p - a potion of brilliance {unknown}
 r - 2 potions of attraction

Dungeon Overview and Level Annotations

Branches:
Dungeon (8/15)             Temple (1/1) D:5           Sewer (visited)
   Lair: D:8-11

Altars:
Ashenzari
Cheibriados
Dithmenos
Elyvilon
Fedhas
Gozag
Kikubaaqudgha
Makhleb
Nemelex Xobeh
Okawaru
Qazlal
Ru
Sif Muna
Trog
Uskayaw
Vehumet
Wu Jian
Xom
Yredelemnul
Zin
The Shining One

Shops:
D:1 (   D:6 !

Annotations:
D:5 2 transporters


Message History

Items here: % )) [[.
The swamp drake roars!
You hit the two-headed ogre but do no damage.
Lightning courses through the two-headed ogre!
The two-headed ogre is lightly wounded.
The swamp drake breathes poison at you.
You slice the two-headed ogre!!
The two-headed ogre is heavily wounded.
You hit the acid dragon but do no damage.
The two-headed ogre is engulfed in noxious fumes.
The two-headed ogre hits you with a +0 giant club.
The two-headed ogre hits you but does no damage.
A wyvern comes into view.
You barely miss the two-headed ogre.
The two-headed ogre is heavily wounded.
You hit the acid dragon. The acid dragon completely misses you.
The acid dragon misses you.
You hit the two-headed ogre.
The two-headed ogre is heavily wounded.
You barely miss the acid dragon.
The two-headed ogre is engulfed in noxious fumes.
The two-headed ogre barely misses you.
The two-headed ogre hits you with a +0 giant club!
The acid dragon misses you. You block the acid dragon's attack.
You slash the two-headed ogre!
The two-headed ogre is severely wounded.
You barely miss the acid dragon. The acid dragon spits acid at you.
The splash of acid hits you! The acid corrodes you!
You hear an angry hiss.
You hit the two-headed ogre.
The two-headed ogre is severely wounded.
You hit the acid dragon.
Lightning courses through the acid dragon!
The two-headed ogre barely misses you. x2; The acid dragon barely misses you. x2
You hit the two-headed ogre but do no damage.
The two-headed ogre is severely wounded.
You hit the acid dragon.
The two-headed ogre hits you with a +0 giant club!
You die...

##### # ###.#.#####
#..#.###.........###
#.lO@....###.....#
....k.D)).###
#.##..####
.....######
###.##%..# .... ##
####. ... ## ##


You could see a two-headed ogre, a swamp drake, a wyvern and an acid dragon.

Vanquished Creatures
  A komodo dragon (D:8)
  Prince Ribbit (D:5)
  A basilisk (D:8)
  Pargi (Sewer)
  A sky beast (D:6)
  An orc warrior (D:8)
  2 black bears
  A phantom (D:6)
  A centaur (D:5)
  A kobold brigand (D:6)
  2 bullfrogs (D:7)
  4 scorpions
  A howler monkey (D:4)
  2 jellies (D:6)
  A gnoll bouda (D:7)
  2 orc priests
  5 hounds
  2 iguanas
  Natasha (twice) (D:2)
  7 orc wizards
  Robin (D:2)
  4 gnolls
  5 adders
  4 worms
  2 dart slugs
  17 orcs
  6 bats
  8 endoplasms
  5 giant cockroaches
  12 goblins
  9 hobgoblins
  5 kobolds
  12 quokkas
  A ball python (D:3)
  3 frilled lizards
  5 rats
138 creatures vanquished.

Notes
Turn   | Place    | Note
-------+----------+-------------------------------------------
     0 | D:1      | qw the Gargoyle Fighter began the quest for the Orb.
     0 | D:1      | Reached XP level 1. HP: 14/14 MP: 1/1
     0 | D:1      | 0 ||| qw: Version: 0.2-a-103-g5a998e5
     0 | D:1      | 0 ||| qw: Game counter: 1045
     0 | D:1      | 0 ||| qw: Always use a shield: true
     0 | D:1      | 0 ||| qw: God list: Okawaru
     0 | D:1      | 0 ||| qw: Allow faded altars: false
     0 | D:1      | 0 ||| qw: Do Orc after D:15 true
     0 | D:1      | 0 ||| qw: Do second Lair branch before Depths: true
     0 | D:1      | 0 ||| qw: Lair rune preference: random
     0 | D:1      | 0 ||| qw: Plans: Normal, Zot:1-4, Slime:5, God:TSO, Crypt,
                  | Tomb, Pan, Hells, Abyss, Win
     0 | D:1      | 0 ||| PLANNING D:1-11
    39 | D:1      | Reached skill level 2 in Axes
    39 | D:1      | Reached XP level 2. HP: 19/19 MP: 2/2
    48 | D:1      | 48 ||| Stepping ~*~*~tactically~*~*~ (hiding).
    73 | D:1      | 73 ||| FLEEEEING.
    74 | D:1      | 74 ||| FLEEEEING.
    77 | D:1      | 77 ||| FLEEEEING.
    78 | D:1      | 78 ||| FLEEEEING.
    82 | D:1      | 82 ||| FLEEEEING.
    83 | D:1      | 83 ||| FLEEEEING.
    84 | D:1      | 84 ||| FLEEEEING.
    85 | D:1      | 85 ||| FLEEEEING.
    86 | D:1      | 86 ||| FLEEEEING.
    87 | D:1      | 87 ||| FLEEEEING.
   146 | D:1      | Found Fibelif's Weapon Shoppe.
   159 | D:1      | 159 ||| SHOPLISTING +1 morningstar of Gics {antimagic,
                  | Str+5 Int-2 Dex+5} (408 gold, have 12).
   159 | D:1      | 159 ||| SHOPLISTING +2 mace of holy wrath (174 gold, have
                  | 12).
   167 | D:1      | Found a faded altar of an unknown god.
   185 | D:1      | Reached skill level 3 in Axes
   252 | D:1      | Reached XP level 3. HP: 22/23 MP: 3/3
   556 | D:1      | 556 ||| UPGRADING to +0 helmet.
   561 | D:1      | 561 ||| READING scroll labelled WABLUH MUNUBY.
   562 | D:1      | 562 ||| READING scroll labelled GEXKUP KENO.
   563 | D:1      | 563 ||| READING 4 scrolls labelled JUFFAC MUASOL.
   567 | D:1      | 567 ||| READING scroll labelled VOITAN EDWY GUCLI.
   762 | D:2      | Noticed Natasha
   769 | D:2      | Killed Natasha
   770 | D:2      | Reached XP level 4. HP: 28/28 MP: 4/4
   786 | D:2      | 786 ||| Stepping ~*~*~tactically~*~*~ (stealth).
   788 | D:2      | 788 ||| Stepping ~*~*~tactically~*~*~ (stealth).
   791 | D:2      | Reached skill level 4 in Axes
   885 | D:2      | Noticed Natasha
   940 | D:2      | 940 ||| Stepping ~*~*~tactically~*~*~ (hiding).
   946 | D:2      | Noticed Robin
   952 | D:2      | Killed Robin
  1311 | D:2      | 1311 ||| DROPPING +0 whip.
  1334 | D:2      | Reached XP level 5. HP: 32/32 MP: 5/5
  1528 | D:2      | Killed Natasha
  1529 | D:2      | Reached skill level 1 in Throwing
  1692 | D:2      | 1692 ||| UPGRADING to +0 chain mail.
  1702 | D:2      | 1702 ||| DROPPING +0 scale mail.
  1703 | D:2      | 1703 ||| UPGRADING to +5 ring of evasion.
  1704 | D:2      | 1704 ||| DRINKING 2 golden potions.
  1760 | D:3      | 1760 ||| PLANNING SEWER
  1906 | D:3      | Found a bloodstained altar of Trog.
  2075 | D:3      | 2075 ||| Stepping ~*~*~tactically~*~*~ (hiding).
  2132 | D:3      | Reached skill level 5 in Axes
  2399 | D:3      | Reached XP level 6. HP: 37/37 MP: 6/6
  2407 | D:3      | Found a glowing drain.
  2409 | D:3      | 2409 ||| READING 2 scrolls labelled KOATAEQUUT.
  2410 | D:3      | 2410 ||| READING scroll labelled HOPRUCKUCAKH.
  2411 | D:3      | 2411 ||| READING scroll labelled VIANAP FEDUPT.
  2412 | D:3      | 2412 ||| DROPPING scroll of vulnerability.
  2418 | Sewer    | Entered a sewer
  2519 | Sewer    | Noticed Pargi
  2527 | Sewer    | Killed Pargi
  2583 | Sewer    | 2583 ||| READING scroll labelled XATTAUTHR LICRY.
  2597 | D:3      | 2597 ||| PLANNING D:1-11
  2671 | D:3      | You fall into a shaft and drop 1 floor!
  2727 | D:4      | 2727 ||| Stepping ~*~*~tactically~*~*~ (stealth).
  2755 | D:4      | 2755 ||| Stepping ~*~*~tactically~*~*~ (stealth).
  2779 | D:4      | Found a sacrificial altar of Ru.
  3042 | D:4      | Reached XP level 7. HP: 44/44 MP: 7/7
  3073 | D:4      | 3073 ||| READING scroll labelled IMMOGG XEULEKH.
  3074 | D:4      | 3074 ||| DRINKING 3 glowing golden potions.
  3075 | D:4      | 3075 ||| READING 2 scrolls of identify.
  3075 | D:4      | 3075 ||| IDENTIFYING silvery potion
  3368 | D:3      | 3368 ||| UPGRADING to amulet of the acrobat.
  3654 | D:4      | Found a blossoming altar of Fedhas.
  3719 | D:4      | 3719 ||| Stepping ~*~*~tactically~*~*~ (stealth).
  3729 | D:4      | Reached skill level 6 in Axes
  3756 | D:4      | Reached skill level 1 in Dodging
  3918 | D:4      | 3918 ||| READING 2 scrolls of identify.
  3918 | D:4      | 3918 ||| IDENTIFYING fuming inky potion
  3919 | D:4      | 3919 ||| DROPPING potion of ambrosia.
  3932 | D:5      | Entered Level 5 of the Dungeon
  3953 | D:5      | Found a transporter.
  3963 | D:5      | 3963 ||| Stepping ~*~*~tactically~*~*~ (hiding).
  4184 | D:5      | Found a transporter.
  4197 | D:5      | Found a staircase to the Ecumenical Temple.
  4198 | D:5      | 4198 ||| PLANNING TEMPLE
  4198 | D:5      | 4198 ||| READING 2 scrolls of identify.
  4198 | D:5      | 4198 ||| IDENTIFYING grey potion
  4207 | Temple   | Entered the Ecumenical Temple
  4245 | Temple   | 4245 ||| PLANNING OKAWARU WORSHIP
  4365 | Temple   | Became a worshipper of Warmaster Okawaru
  4365 | Temple   | 4365 ||| PLANNING D:1-11
  4469 | D:5      | 4469 ||| DRINKING 3 potions of curing.
  4469 | D:5      | 4469 ||| (to cure confusion)
  4473 | D:5      | Reached skill level 7 in Axes
  4475 | D:5      | 4475 ||| DROPPING +1 whip of flaming.
  4824 | D:5      | Noticed Prince Ribbit
  4854 | D:5      | Killed Prince Ribbit
  4854 | D:5      | Reached * piety under Okawaru
  4855 | D:5      | Reached XP level 8. HP: 34/51 MP: 8/8
  5127 | D:6      | 5127 ||| Stepping ~*~*~tactically~*~*~ (stealth).
  5128 | D:6      | 5128 ||| Stepping ~*~*~tactically~*~*~ (stealth).
  5130 | D:6      | 5130 ||| INVOKING Heroism.
  5133 | D:6      | Reached skill level 1 in Invocations
  5313 | D:6      | Reached skill level 3 in Invocations
  5334 | D:6      | 5334 ||| Stepping ~*~*~tactically~*~*~ (stealth).
  5340 | D:6      | 5340 ||| INVOKING Heroism.
  5440 | D:6      | 5440 ||| INVOKING Heroism.
  5533 | D:6      | Found Odouno's Distillery.
  5538 | D:6      | 5538 ||| BUYING 2 potions of heal wounds (110 gold).
  5538 | D:6      | Bought 2 potions of heal wounds for 110 gold pieces
  5538 | D:6      | 5538 ||| BUYING potion of attraction (33 gold).
  5538 | D:6      | Bought a potion of attraction for 33 gold pieces
  5538 | D:6      | 5538 ||| BUYING potion of curing (33 gold).
  5538 | D:6      | Bought a potion of curing for 33 gold pieces
  5538 | D:6      | 5538 ||| BUYING potion of curing (33 gold).
  5538 | D:6      | Bought a potion of curing for 33 gold pieces
  5538 | D:6      | 5538 ||| BUYING potion of heal wounds (55 gold).
  5538 | D:6      | Bought a potion of heal wounds for 55 gold pieces
  5538 | D:6      | 5538 ||| SHOPLISTING potion of mutation (88 gold, have 16).
  5686 | D:6      | 5686 ||| DROPPING +2 hat.
  5687 | D:6      | 5687 ||| READING 2 scrolls of identify.
  5687 | D:6      | 5687 ||| IDENTIFYING brown potion
  5688 | D:6      | 5688 ||| DROPPING potion of degeneration.
  5791 | D:7      | 5791 ||| INVOKING Heroism.
  5812 | D:7      | Reached skill level 8 in Axes
  5812 | D:7      | Reached XP level 9. HP: 31/55 MP: 12/12
  5926 | D:7      | Reached skill level 6 in Fighting
  5930 | D:7      | 5930 ||| INVOKING Heroism.
  6097 | D:7      | 6097 ||| FLEEEEING.
  6098 | D:7      | 6098 ||| FLEEEEING.
  6099 | D:7      | 6099 ||| FLEEEEING.
  6128 | D:7      | 6128 ||| DROPPING +0 flail.
  6271 | D:7      | 6271 ||| DROPPING orb of mayhem.
  6272 | D:7      | 6272 ||| READING scroll labelled BYREFY QORECH.
  6273 | D:7      | 6273 ||| READING scroll labelled ZURUPR CUIWK.
  6308 | D:8      | 6308 ||| Stepping ~*~*~tactically~*~*~ (hiding).
  6323 | D:8      | Noticed a komodo dragon
  6324 | D:8      | 6324 ||| INVOKING Heroism.
  6332 | D:8      | Killed a komodo dragon
  6333 | D:8      | Reached skill level 9 in Axes
  6416 | D:8      | 6416 ||| INVOKING Heroism.
  6420 | D:8      | Noticed a two-headed ogre
  6434 | D:8      | Slain by a two-headed ogre

Levels and vault maps discovered:
D:1:      dpeg_arrival_castle, layout_rooms,
          ebering_ecumenical_altar_sacrificial, serial_shops, shop
D:2:      layout_loops_corners, minmay_tiny_reverse_x, uniq_robin, uniq_natasha
D:3:      layout_basic, trog_butcher_becter, gup_sewer_entry_bubbles,
          grunt_decor_fettered
D:4:      layout_loops_corners, fedhas_altar_4, nicolae_ru_awakened_eye
D:5:      gammafunk_wand_slinger, layout_gridville,
          minmay_temple_entry_drinking_statues, uniq_prince_ribbit1
D:6:      layout_rooms, serial_shops, nicolae_shop_peninsula, minivault_23
D:7:      layout_rooms
D:8:      layout_rooms, erik_lair_dragon, chequers_decorated_corner,
          grunt_ministairs_15, serial_bayou_pond_d, hangedman_decor_peaks_small,
          nicolae_figureground_sparkle
Temple:   regret_index_temple_chain_breaker

Skill      XL: |  1  2  3  4  5  6  7  8  9 |
---------------+----------------------------+-----
Axes           | 2 3 4 5 7 8 9 |  9.2
Throwing       | 1 2 |  2.0
Fighting       | 4 5 6 |  6.3
Dodging        | 1 |  1.6
Invocations    | 4 |  4.2
Armour         | 4 |  4.0
Shields        | |  3.3

Action                     |  1- 3 |  4- 6 |  7- 9 || total
---------------------------+-------+-------+-------++-------
  Melee: War axe           |    85 |   170 |   182 ||   437
  Throw: Javelin           |       |    33 |    30 ||    63
 Invoke: Heroism           |       |       |     7 ||     7
    Use: Scroll            |     4 |     4 |     7 ||    15
         Potion            |       |     1 |     2 ||     3
 Armour: Scale mail        |    46 |    36 |       ||    82
         Chain mail        |       |    53 |    88 ||   141
  Dodge: Dodged            |    28 |    84 |   117 ||   229
  Block: Buckler           |    13 |    35 |    33 ||    81

Table legend:
 A = Non-vault XP
 B = Vault XP
 C = Vault XP percentage of total XP
 D = Non-vault monster count
 E = Vault monster count
 F = Vault count percentage of total count
                 A         B        C        D         E       F
            +---------+---------+-------+---------+---------+-------
      Total |    2428 |    1007 |  29.3 |     109 |      29 |  21.0
            +---------+---------+-------+---------+---------+-------
        D:1 |      43 |       0 |   0.0 |      16 |       0 |   0.0
        D:2 |      95 |      68 |  41.7 |      20 |      10 |  33.3
        D:3 |      97 |      20 |  17.1 |      12 |      11 |  47.8
        D:4 |     340 |       0 |   0.0 |      16 |       0 |   0.0
        D:5 |     421 |     255 |  37.7 |      14 |       1 |   6.7
        D:6 |     711 |       0 |   0.0 |      11 |       0 |   0.0
        D:7 |     550 |       0 |   0.0 |      16 |       0 |   0.0
        D:8 |     171 |     522 |  75.3 |       4 |       2 |  33.3
      Sewer |       0 |     142 | 100.0 |       0 |       5 | 100.0
            +---------+---------+-------+---------+---------+-------
